 Dungeon Sprint DCSS version 0.17.1-1-g73c8601 (webtiles) character file.

4372 Ponchio the Protected (level 10, -1/72 HPs)
             Began as a Gargoyle Fighter on Dec 25, 2015.
             Was a Priest of Qazlal.
             Splashed by an oklob plant's acid (14 damage)
             ... in the Dungeon (Sprint I: "Red Sonja").
             The game lasted 00:19:04 (2324 turns).

Ponchio the Protected (Gargoyle Fighter)            Turns: 2324, Time: 00:19:09

Health: -1/72      AC: 11    Str: 21    XL:     10   Next: 34%
Magic:  15/15      EV: 10    Int: 11    God:    Qazlal [***...]
Gold:   428        SH: 17    Dex: 12    Spells: 0 memorised, 9 levels left

rFire  . . .     SeeInvis .     a - +0 flail
rCold  + . .     Clarity  .     j - +3 ring mail {rC+}
rNeg   + . .     SustAt   .     c - +0 shield
rPois  ∞         Gourm    .     h - +1 helmet {Int+3}
rElec  +         Spirit   .     g - +1 cloak {+Inv}
rCorr  .         Warding  .     (no gloves)
rMut   .         NoTele   +     (no boots)
MR     .....                    (no amulet)
Stlth  +.........               (no ring)
                                (no ring)

@: corroded equipment, not resistant to hostile enchantments, very unstealthy
A: negative energy resistance 1, electricity resistance, unbreathing,
petrification resistance, rot immunity, AC +7
a: Upheaval, Elemental Force, Renounce Religion, Evoke Invisibility


You were in the Dungeon.
You worshipped Qazlal.
Qazlal was most pleased with you.
You were not hungry.

You visited 1 branch You collected 752 gold pieces.
You spent 324 gold pieces at shops.

Inventory:

Hand Weapons
 a - a +0 flail (weapon)
 l - a +0 dagger
Armour
 b - a +0 scale mail
 c - a +0 shield (worn)
 g - a +1 cloak of invisibility (worn)
 h - a +1 helmet of intelligence (worn)
 j - a +3 ring mail of cold resistance (worn)
Scrolls
 f - a scroll of identify {unknown}
 k - a scroll of blinking
Potions
 i - 2 potions of magic
Comestibles
 d - a slice of pizza
 m - 3 fruits


   Skills:
 + Level 12.5 Fighting
 + Level 11.5 Maces & Flails
 + Level 12.6 Armour
 + Level 12.6 Shields
 + Level 7.4 Evocations


You had 9 spell levels left.
You didn't know any spells.

Dungeon Overview and Level Annotations

Branches:
Dungeon (1/1)

Altars:
Cheibriados
Dithmenos
Elyvilon
Fedhas
Gozag
Kikubaaqudgha
Makhleb
Nemelex Xobeh
Okawaru
Qazlal
Ru
Sif Muna
Trog
Vehumet
Xom
Yredelemnul
Zin
The Shining One
Jiyva

Shops:
D ([[

Annotations:
D exclusion: oklob plant, Sonja


Innate Abilities, Weirdness & Mutations

You are resistant to torment.
Your stone body is resilient (AC +7).
You are immune to poison.
You resist negative energy.
You are resistant to electric shocks.
You can survive without breathing.
You are immune to petrification.
You are immune to rotting.


Message History

You hit the oklob plant but do no damage.
The oklob plant is almost destroyed.
You hit the oklob plant.
The oklob plant is almost destroyed.
You hit the oklob plant but do no damage.
The oklob plant is almost destroyed.
You hit the oklob plant.
The oklob plant is almost destroyed.
You hit the oklob plant but do no damage.
The oklob plant is almost destroyed.
The oklob plant spits acid at you. The splash of acid hits you!
The acid corrodes you!
The acid burns!
* * * LOW HITPOINT WARNING * * *
You hit the oklob plant but do no damage.
The oklob plant is almost destroyed.
The oklob plant spits acid at you. The splash of acid hits you!
* * * LOW HITPOINT WARNING * * *
The acid burns!
You die...

###################
..#..'..#__#.))...#
..)..#..'..'..#...##+#
#'#####'#__####...'..#
..#...#(####§§#####).+
###..##(#≈§§.§#..##'####
__##'#..§§§§§§§.§#§^.§§#
...'))._#§≈≈§§#..#§.^§§+
._##_(#'##§#####@###..§#
__###(#.#§.§.###P+ #§§§#
#####.####'###.### #..##
...'...'.....'.∩# #..#
####...########## ##+#
##.## #+#


You could see an oklob plant.

Vanquished Creatures
  2 centaur warriors (D)
  A deep troll (D)
  A gargoyle (D)
  4 demonic crawlers (D)
  2 kobold demonologists (D)
  A slime creature (D)
  Sigmund (D)
  A yak (D)
  An ogre (D)
  A wasp (D)
  A jelly (D)
  Ijyb (D)
  A giant eyeball (D)
18 creatures vanquished.

Vanquished Creatures (others)
  3 wasps (D)
  2 giant spores (D)
5 creatures vanquished.

Grand Total: 23 creatures vanquished

Notes
Turn   | Place    | Note
--------------------------------------------------------------
     0 | D        | Ponchio the Gargoyle Fighter began the quest for the Orb.
     0 | D        | Reached XP level 1. HP: 14/14 MP: 1/1
     2 | D        | Noticed Ijyb
    13 | D        | Killed Ijyb
    13 | D        | Reached skill level 4 in Fighting
    13 | D        | Reached XP level 2. HP: 17/20 MP: 2/2
    13 | D        | Reached XP level 3. HP: 20/24 MP: 3/3
    59 | D        | Noticed an ogre
    67 | D        | Killed an ogre
    67 | D        | Reached skill level 6 in Fighting
    67 | D        | Reached skill level 5 in Maces & Flails
    67 | D        | Reached XP level 4. HP: 12/32 MP: 4/4
    67 | D        | Reached XP level 5. HP: 13/36 MP: 5/5
   282 | D        | Noticed Sigmund
   305 | D        | Killed Sigmund
   305 | D        | Reached skill level 7 in Fighting
   305 | D        | Reached XP level 6. HP: 31/44 MP: 6/6
   427 | D        | Found a snail-covered altar of Cheibriados.
   427 | D        | Found a viscous altar of Jiyva.
   427 | D        | Found a shadowy altar of Dithmenos.
   427 | D        | Found a blossoming altar of Fedhas.
   427 | D        | Noticed a slime creature
   446 | D        | Killed a slime creature
   446 | D        | Reached skill level 8 in Fighting
   446 | D        | Reached XP level 7. HP: 14/50 MP: 7/7
   674 | D        | Found a deep blue altar of Sif Muna.
   675 | D        | Noticed a jelly
   676 | D        | Found a radiant altar of Vehumet.
   681 | D        | Killed a jelly
   806 | D        | Found Feheg's Antique Armour Emporium.
   806 | D        | Found a white marble altar of Elyvilon.
   806 | D        | Found a stormy altar of Qazlal.
   806 | D        | Found a burning altar of Makhleb.
   806 | D        | Found a sacrificial altar of Ru.
   806 | D        | Found a basalt altar of Yredelemnul.
   806 | D        | Found a glowing golden altar of the Shining One.
   806 | D        | Found a sparkling altar of Nemelex Xobeh.
   806 | D        | Found a shimmering altar of Xom.
   806 | D        | Found an opulent altar of Gozag.
   806 | D        | Found an ancient bone altar of Kikubaaqudgha.
   806 | D        | Found a glowing silver altar of Zin.
   806 | D        | Noticed a yak
   825 | D        | Killed a yak
   825 | D        | Reached skill level 9 in Fighting
   826 | D        | Found an iron altar of Okawaru.
   939 | D        | Killed a wasp
  1027 | D        | Found a bloodstained altar of Trog.
  1038 | D        | Became a worshipper of Qazlal Stormbringer
  1042 | D        | Bought a glowing cloak for 112 gold pieces
  1042 | D        | Bought a glowing helmet for 112 gold pieces
  1065 | D        | Noticed a centaur warrior
  1065 | D        | Noticed a centaur warrior
  1089 | D        | Killed a centaur warrior
  1089 | D        | Reached skill level 10 in Fighting
  1089 | D        | Reached skill level 10 in Armour
  1089 | D        | Reached skill level 10 in Shields
  1089 | D        | Reached XP level 8. HP: 18/58 MP: 7/10
  1200 | D        | Killed a centaur warrior
  1200 | D        | Reached skill level 11 in Fighting
  1200 | D        | Reached skill level 10 in Maces & Flails
  1200 | D        | Reached skill level 5 in Evocations
  1200 | D        | Reached XP level 9. HP: 39/64 MP: 10/12
  1337 | D        | Noticed Sonja
  1565 | D        | Bought a runed ring mail for 100 gold pieces
  1659 | D        | Noticed a kobold demonologist
  1660 | D        | Noticed a kobold demonologist
  1672 | D        | Noticed an orange demon
  1672 | D        | Paralysed by a giant eyeball for 4 turns
  1675 | D        | Noticed an orange demon
  1682 | D        | Killed a kobold demonologist
  1682 | D        | Reached * piety under Qazlal
  1696 | D        | Killed a kobold demonologist
  1697 | D        | Paralysed by a giant eyeball for 3 turns
  1818 | D        | Noticed a demonic crawler
  1818 | D        | Noticed a demonic crawler
  1818 | D        | Noticed a demonic crawler
  1818 | D        | Noticed a demonic crawler
  1828 | D        | Killed a demonic crawler
  1828 | D        | Reached ** piety under Qazlal
  1834 | D        | Killed a wasp
  1840 | D        | Killed a wasp
  1853 | D        | Killed a demonic crawler
  1863 | D        | Killed a demonic crawler
  1863 | D        | Reached skill level 12 in Fighting
  1875 | D        | Killed a demonic crawler
  1875 | D        | Reached *** piety under Qazlal
  1875 | D        | Reached XP level 10. HP: 42/71 MP: 13/15
  1876 | D        | Noticed a gargoyle
  1889 | D        | Killed a gargoyle
  2104 | D        | Noticed a deep troll
  2117 | D        | Killed a deep troll
  2207 | D        | Found Fyneq's Armour Emporium.
  2234 | D        | Found Bukk's Antique Weapon Boutique.
  2272 | D        | Noticed a wasp
  2287 | D        | Killed a wasp
  2300 | D        | Noticed an oklob plant
  2324 | D        | Splashed by an oklob plant's acid

Action                   |  1- 3 |  4- 6 |  7- 9 | 10-12 || total
-------------------------+-------+-------+-------+-------++-------
Melee: Flail             |    16 |    25 |   150 |    61 ||   252
  Use: Potion            |     1 |     2 |     1 |     2 ||     6
  Eat: Chunk             |       |       |     3 |       ||     3
       Bread ration      |       |       |       |     1 ||     1
